 Dungeon Sprint DCSS version 0.27.1-33-g824d729ab1 (webtiles) character file.

Game seed: 7993308733503857843

110 manyhoops the Thrower (level 4, 0/48 HPs)
             Began as an Ogre Hunter on Nov 25, 2021.
             Slain by Sigmund (8 damage)
             ... in the Dungeon (Sprint I: "Red Sonja").
             The game lasted 00:01:05 (314 turns).

manyhoops the Thrower (Ogre Hunter)                  Turns: 314, Time: 00:01:06

Health: 0/48       AC:  3    Str: 17    XL:     4   Next: 91%
Magic:  4/4        EV:  9    Int: 12    God:
Gold:   0          SH:  0    Dex:  9    Spells: 3/3 levels left

rFire    . . .     SeeInvis .   l - +0 giant club
rCold    . . .     Faith    .   (shield currently unavailable)
rNeg     . . .     Spirit   .   b - +0 robe
rPois    .         Reflect  .   (helmet restricted)
rElec    .         Harm     .   (no cloak)
rCorr    .         Rampage  .   (gloves unavailable)
Will     .....     NoTele   +   (boots unavailable)
Stlth    +.........             (no amulet)
HPRegen  0.16/turn              (no ring)
MPRegen  0.09/turn              (no ring)

@: no status effects
A: large, unfitting armour, tough skin 1
a: no special abilities


You were in the Dungeon.
You visited 1 branch

Inventory:

Hand Weapons
 a - a +0 short sword
 l - a +0 giant club (weapon)
Missiles
 d - 2 throwing nets (quivered)
Armour
 b - a +0 robe (worn)
Wands
 k - a wand of flame (24)
Scrolls
 j - a scroll of blinking
Potions
 e - a potion of curing
 g - a potion of haste
 h - 2 potions of magic
 i - a potion of berserk rage


   Skills:
 - Level 4.2 Fighting
 - Level 9.8 Throwing
 - Level 1.7 Dodging
 - Level 0.6 Stealth


You had 3 spell levels left.
You didn't know any spells.
Your spell library was empty.

Dungeon Overview and Level Annotations

Branches:
Dungeon (1/1)

Altars:

Annotations:
D Sigmund


Innate Abilities, Weirdness & Mutations

You are too large for most types of armour.
You have tough skin. (AC +1)


Message History

You are more confused.
A magic dart appears from out of thin air!
The magic dart hits you.
You bump into the stone wall.
Something hits you.
You bump into the stone wall.
Something hits you!
There is an open door, spattered with blood here.
You see here an ogre skeleton.
Things that are here:
a +0 dagger; a +0 leather armour You hear some strange, mumbled words.
You are more confused.
Okay, then.
There is an open door here.
You're too confused to move!
A magic dart appears from out of thin air!
The magic dart hits you!
You feel less confused. Something hits you!
There is a fountain of clear blue water here.
You feel much better. Something hits you.
You start resting.
There is a strange disturbance nearby!
Throw: 2 large rocks
Press: ? - help, Shift-Dir - straight line You throw a large rock.
Something hits you.
Throw: large rock
Press: ? - help, Shift-Dir - straight line You throw a large rock.
Something hits you!
You hear some strange, mumbled words.
A puff of flame appears from out of thin air!
The puff of flame hits you.
You miss something.
You hear some strange, mumbled words.
A puff of flame appears from out of thin air!
The puff of flame hits you! Something hits you!
* * * LOW HITPOINT WARNING * * *
You barely miss something. Something hits you!
You die...

########## ##
#<(#.)÷..#.(+
#..'..#..'((#
#..#####+####
#..# #.{#
#.@# #⌠⌠#
####


There were no monsters in sight!

Vanquished Creatures
  An ogre (D)
  Ijyb (D)
2 creatures vanquished.

Notes
Turn   | Place    | Note
-------+----------+-------------------------------------------
     0 | D        | manyhoops the Ogre Hunter began the quest for the Orb.
     0 | D        | Reached XP level 1. HP: 22/22 MP: 1/1
     5 | D        | Noticed Ijyb
     6 | D        | Killed Ijyb
     7 | D        | Reached skill level 6 in Throwing
     7 | D        | Reached XP level 2. HP: 31/31 MP: 2/2
     7 | D        | Reached XP level 3. HP: 37/37 MP: 3/3
    15 | D        | Noticed an ogre
    19 | D        | Killed an ogre
    20 | D        | Reached skill level 9 in Throwing
    20 | D        | Reached XP level 4. HP: 6/48 MP: 4/4
   283 | D        | Noticed Sigmund
   314 | D        | Slain by Sigmund

Illustrated notes

Levels and vault maps discovered:
D:        dungeon_sprint_1 [red_sonja_temple_1, red_sonja_temple_small_1]

Skill      XL: |  1  2  3 |
---------------+----------+-----
Fighting       | 3 4 |  4.2
Throwing       | 6 9 |  9.8
Dodging        | |  1.7
Stealth        | |  0.6

Action                   |  1- 3 |  4- 6 || total
-------------------------+-------+-------++-------
Melee: Giant club        |       |     2 ||     2
Throw: Large rock        |     5 |     5 ||    10
  Use: Potion            |       |     1 ||     1
Dodge: Dodged            |     1 |     1 ||     2
